[Event "*** Titled Tuesday Blitz"]
[Site "Chess.com"]
[Date "2020.01.07"]
[Round "2"]
[White "jlucasvf"]
[Black "Doraemon7"]
[Result "1-0"]
[WhiteElo "2732"]
[BlackElo "2517"]
[TimeControl "180+2"]
[EndTime "13:27:45 PST"]
[Termination "jlucasvf won by resignation"]

1. e4 e5 2. Nf3 Nc6 3. Nc3 Nf6 4. d4 exd4 5. Nxd4 Bb4 6. Nxc6 bxc6 7. Bd3 d5 8. Bd2 O-O 9. O-O Re8 10. Nxd5 Nxd5 11. exd5 Bxd2 12. Qxd2 cxd5 13. Rfe1 Rxe1+ 14. Rxe1 Be6 15. b4 Qd6 16. a4 Rb8 17. b5 Qc5 18. h3 h6 19. Qf4 Rd8 20. Re5 Qd6 21. Qd4 c5 22. bxc6 Qxc6 23. Re1 Qb6 24. Qxb6 axb6 25. Rb1 Bd7 26. Rxb6 Bxa4 27. Kf1 g6 28. Ke2 Kg7 29. Rb4 Bd7 30. Ke3 Be6 31. Kd4 h5 32. h4 Kf6 33. Rb1 Ra8 34. Rb4 Ra1 35. Ke3 Re1+ 36. Kd2 Rg1 37. g3 Ra1 38. Rf4+ Ke5 39. Rb4 Rg1 40. Rb5 Kf6 41. Ke3 Re1+ 42. Kf4 Rc1 43. f3 Rg1 44. Rb6 Rg2 45. Rb1 Bd7 46. Re1 Be6 47. Re2 Rg1 48. Rd2 Bd7 49. Ba6 Be6 50. Bb5 Rc1 51. Ba4 Ra1 52. Bb3 Rc1 53. Ke3 Ke5 54. f4+ Kf6 55. Kd4 Rg1 56. Rd3 Rg2 57.
c3 Bf5 58. Bxd5 Rg1 59. Re3 Rd1+ 60. Kc5 Rc1 61. c4 Be6 62. Bxe6 fxe6 63. Kd4 Rd1+ 64. Rd3 Rc1 65. c5 Ke7 66. Rc3 Rd1+ 67. Ke3 Kd7 68. c6+ Kc7 69. Ke4 Re1+ 70. Kd4 Re2 71. Re3 Rd2+ 72. Ke5 Kxc6 73. Kf6 Kd5 74. Kxg6 Rg2 75. Kxh5 Kd4 76. Ra3 e5 77. fxe5 Kxe5 78. Kg6 Rc2 79. h5 Rc6+ 80. Kg5 Ke6 81. Rf3 Rc5+ 82.
Kg6 Rc4 1-0

[Event "*** Titled Tuesday Blitz"]
[Site "Chess.com"]
[Date "2020.01.07"]
[Round "2"]
[White "Pilopa"]
[Black "Gabrielian_Artur"]
[Result "0-1"]
[WhiteElo "2545"]
[BlackElo "2795"]
[TimeControl "180+2"]
[EndTime "13:27:47 PST"]
[Termination "Gabrielian_Artur won by resignation"]

1. d4 Nf6 2. c4 c5 3. d5 e6 4. Nc3 exd5 5. cxd5 d6 6. Nf3 g6 7. Bf4 Bg7 8. Qa4+ Bd7 9. Qb3 b5 10. Bxd6 Qb6 11. Be5 O-O 12. e3 c4 13. Qd1 b4 14.
Nb1 Rc8 15. Nbd2 c3 16. Nc4 Qd8 17. bxc3 bxc3 18. Rc1 Bb5 19. Nd6 Bxf1 20. Nxc8 Bxg2 21. Rg1 Bxf3 22. Qxf3 Nbd7 23. Bxf6 Nxf6 24. Rxc3 Rxc8 25. Rxc8 Qxc8 26. Kf1 Qc4+ 27. Kg2 Nxd5 28. Rd1 Nb6 29. Rd8+ Bf8 30. Qb7 Qg4+ 31. Kf1 Qh3+ 32. Ke2 Qh5+ 33. Kf1 Qxh2 34. Qe7 Qh1+ 35. Ke2 Qh5+ 36. f3 Qh6 37.
Qxa7 Qh2+ 38. Kd3 Qb2 39. Qb8 Qa3+ 40. Ke2 Nc4 41. Qb3 Qc5 42. Kf2 Ne5 43. Rd5 Qe7 44. Qb2 Qh4+ 45. Kg2 Qg5+ 46. Kf1 Bg7 47. f4 Qf5 48. Rd8+ Bf8 49. Qxe5 Qb1+ 50. Kg2 Qxa2+ 51. Kf3 Qa3 52. Qb8 Qc5 53. Rd7 Qc6+ 54. Kg3 Qxd7 55. Qe5 h5 56. e4 Qg4+ 57. Kf2 h4 58. f5 Qg3+ 59. Qxg3 hxg3+ 60. Kxg3 gxf5 61. exf5 Kg7 62. Kf4 Kf6 63. Ke4 Bh6 64. Kf3 Kxf5 0-1

[Event "*** Titled Tuesday Blitz"]
[Site "Chess.com"]
[Date "2020.01.07"]
[Round "2"]
[White "FearlessKing64"]
[Black "AlexanderKing"]
[Result "0-1"]
[WhiteElo "2313"]
[BlackElo "2562"]
[TimeControl "180+2"]
[EndTime "13:27:47 PST"]
[Termination "AlexanderKing won by resignation"]

1. e4 c5 2. Nf3 d6 3. d4 cxd4 4.
Nxd4 Nf6 5. f3 e5 6. Bb5+ Bd7 7. Bxd7+ Qxd7 8. Nf5 g6 9. Ne3 Bh6 10. c4 Bxe3 11.
Bxe3 Qc6 12. b3 Nbd7 13. Nc3 a6 14. Rc1 O-O 15. a4 Rae8 16. O-O Nh5 17. Qd2 f5 18. exf5 gxf5 19. Rfd1 Re6 20. Qd5 Qxd5 21. Nxd5 Rc8 22. a5 Kf7 23. Rc2 Nhf6 24. Rcd2 Rc6 25. Nb4 Rc8 26.
Rxd6 Rxd6 27. Rxd6 Ke7 28. Rd3 Ke6 29. Nd5 Nxd5 30.
Rxd5 Nf6 31. Rd2 Rc7 32. Bb6 Rg7 33. Kf2 Nd7 34. b4 Rg8 35. c5 Rc8 36. Rd6+ Ke7 37.
Rh6 Rh8 38. g4 fxg4 39. fxg4 Nf6 40. h3 Nd5 41. c6 bxc6 42. Rxc6 Kd7 43. Rh6 Nxb4 44.
Bc5 Nd3+ 45. Ke2 Nxc5 46. Ke3 Ke7 47. g5 Kf7 48. h4 Ne6 49. Ke4 Nc5+ 50. Kd5 Nb3 51.
Rxa6 Rd8+ 52. Kxe5 Rd7 53. Rf6+ Kg7 54. a6 Ra7 55.
Rb6 Nc5 56. Kd5 Nxa6 57. h5 Nc7+ 58. Kc6 Ne6 59. h6+ Kf7 60. Kd5 Nxg5 61. Ke5 Ra5+ 62.
Kf4 Ne6+ 63. Kg4 Kf6 0-1

[Event "*** Titled Tuesday Blitz"]
[Site "Chess.com"]
[Date "2020.01.07"]
[Round "2"]
[White "guillembaches"]
[Black "bilelou"]
[Result "0-1"]
[WhiteElo "2288"]
[BlackElo "2516"]
[TimeControl "180+2"]
[EndTime "13:27:52 PST"]
[Termination "bilelou won on time"]

1. e4 c5 2. Nf3 Nc6 3. Nc3 Nf6 4. Bb5 Qc7 5. O-O Nd4 6. Bd3 Ng4 7. g3 Nxf3+ 8.
Qxf3 Ne5 9. Qe3 e6 10. Be2 a6 11.
b3 Nc6 12. Bb2 Nd4 13. Bd1 Be7 14. Ne2 e5 15. c3 Nc6 16. d4 d6 17. d5 Nb8 18. f4 Bf6 19. f5 h6 20. a4 b6 21.
c4 a5 22. Nc3 Bd7 23. h4 Na6 24. Ba3 O-O-O 25. Nb5 Bxb5 26. cxb5 Nb8 27. b4 axb4 28.
Bxb4 Nd7 29. Bd2 Kb7 30. a5 Ra8 31. Bh5 Rhf8 32. Ra4 Ra7 33. Rfa1 Rfa8 34. Bxf7 bxa5 35. R4a2 c4 36. Be6 Bd8 37. Kg2 Nc5 38. Bc3 Nb3 39.
Rf1 a4 40. Qf3 Kb6 41. Qg4 Kxb5 42. Be1 a3 43. Bf2 Ra4 44. Rb1 Rb4 45. Qe2 Qa5 46. Be1 Bb6 47. Rxb3 Rxb3 48. Bxa5 Rxa5 49. Bd7+ Kc5 50.
g4 c3 51. Qc2 Kb4 52. g5 hxg5 53. hxg5 Bd8 54. f6 gxf6 55. g6 Rb2 56. Rxb2+ axb2 57. g7 Ra1 58. g8=Q b1=Q 59. Qxb1+ Rxb1 60. Qxd8 c2 61. Qb6+ Kc3 62. Qe3+ Kb2 63. Qb6+ Kc3 64. Qc6+ Kd2 65. Qxd6 c1=Q 66. Qxf6 Qh1+ 0-1

[Event "*** Titled Tuesday Blitz"]
[Site "Chess.com"]
[Date "2020.01.07"]
[Round "2"]
[White "Induwara_IM"]
[Black "CM_Perligero"]
[Result "0-1"]
[WhiteElo "2357"]
[BlackElo "2091"]
[TimeControl "180+2"]
[EndTime "13:27:52 PST"]
[Termination "CM_Perligero won by checkmate"]

1. d4 Nf6 2. c4 c6 3. Nf3 d6 4.
g3 g6 5. Bg2 Bg7 6. O-O O-O 7.
Nc3 Bg4 8. e4 Qc8 9. Re1 Na6 10.
e5 Nh5 11. Bg5 Re8 12. Qd2 Nc7 13. exd6 exd6 14. Ne4 Qd7 15. c5 dxc5 16. Nxc5 Qc8 17. Ne5 Bh3 18. Nc4 Nb5 19. Be3 b6 20. Nb3 Rd8 21.
a4 Bxg2 22. Kxg2 Nxd4 23. Bxd4 Bxd4 24. Qg5 Bf6 25. Qe3 Qg4 26. Ne5 Qc8 27. Nd4 c5 28. Ndf3 Qb7 29. Qb3 Re8 30. Ng4 Bg7 31. a5 b5 32. a6 Qc6 33. h4 c4 34. Qa3 Bf8 35. Qa5 Rab8 36. Ne5 Qa8 37. Qc7 Re7 38. Nd7 Rbe8 39.
Rxe7 Rxe7 40. Rd1 Qe8 41. g4 Nf4+ 42. Qxf4 Rxd7 43. Rxd7 Qxd7 44. Ne5 Qc7 45. h5 Bd6 46. h6 Bxe5 47. Qe4 Qb8 48. Qb7 Qxb7+ 49. axb7 Bb8 50. Kf3 b4 51. Ke4 a5 52. Kd4 c3 53. bxc3 b3 54. Kd3 a4 55. c4 b2 56. Kc2 a3 57. c5 Kf8 58. f4 Ke7 59. f5 Kd7 60. fxg6 fxg6 61.
g5 Kc6 62. Kb3 Kxb7 63. Ka4 b1=Q 64. c6+ Kxc6 65. Ka5 Qb5# 0-1

[Event "*** Titled Tuesday Blitz"]
[Site "Chess.com"]
[Date "2020.01.07"]
[Round "2"]
[White "TheBigBoss04"]
[Black "Kosche007"]
[Result "1-0"]
[WhiteElo "2726"]
[BlackElo "2365"]
[TimeControl "180+2"]
[EndTime "13:27:57 PST"]
[Termination "TheBigBoss04 won by resignation"]

1. Nf3 Nf6 2. e3 g6 3. b3 Bg7 4.
Bb2 O-O 5. Be2 d6 6. O-O e5 7. d4 e4 8. Nfd2 d5 9. c4 c6 10. Nc3 Be6 11. b4 Nbd7 12. a4 h5 13. b5 Bg4 14. h3 Bxe2 15. Qxe2 Re8 16. Rfc1 Rc8 17. a5 a6 18. bxa6 bxa6 19. cxd5 cxd5 20. Qxa6 Ra8 21.
Qe2 Rxa5 22. Nb3 Rxa1 23. Rxa1 Qb6 24. Nc1 Rb8 25. Na4 Qb5 26. Qc2 Bf8 27. Ne2 Qd3 28.
Qxd3 exd3 29. Nf4 d2 30. Kf1 Nb6 31. Nxb6 Rxb6 32. Bc3 Ne4 33. Nxd5 Rc6 34. Bxd2 Nxd2+ 35. Ke2 Ne4 36. Kf3 Nf6 37. Nf4 Rc2 38. g4 hxg4+ 39. hxg4 Bd6 40. Ra8+ Kg7 41. g5 Nh7 42. Nh3 Be7 43. Ra5 Rb2 44. Re5 Kf8 45. Ra5 Rb1 46. Kg2 Kg7 47. Kg3 Rb3 48. Kf3 Rb7 49. Kg4 Nf8 50.
Nf4 Nh7 51. Nh3 Rb1 52. Kg3 Rb2 53. Kf3 Rb1 54. Re5 Bd6 55. Rd5 Be7 56. Kg2 Rb2 57. Kg3 Rb7 58. f4 f6 59. gxf6+ Nxf6 60. Ra5 Rb3 61. Kf3 Bb4 62. Rb5 Rb2 63. Ng5 Bc3 64. Rc5 Bd2 65. Rc7+ Kf8 66. Rf7+ Ke8 67. Rxf6 Rb3 68.
Re6+ Kd7 69. Re5 Kd6 70. Ne4+ Kd7 71. Nxd2 1-0

[Event "*** Titled Tuesday Blitz"]
[Site "Chess.com"]
[Date "2020.01.07"]
[Round "2"]
[White "Gnechko_Ruslan"]
[Black "Walter_White_Poland"]
[Result "1-0"]
[WhiteElo "2485"]
[BlackElo "2229"]
[TimeControl "180+2"]
[EndTime "13:27:58 PST"]
[Termination "Gnechko_Ruslan won by resignation"]

1. e4 e5 2. Nf3 Nc6 3. Bc4 Nf6 4. d3 d5 5. exd5 Nxd5 6. O-O Nb6 7. Bb3 Bg4 8. h3 Bh5 9. c3 Qe7 10. Nbd2 O-O-O 11. Qe2 f6 12. Re1 Bg6 13. d4 exd4 14. Qxe7 Bxe7 15.
Nxd4 Nxd4 16. Rxe7 Nxb3 17. axb3 Rhe8 18. Rxe8 Rxe8 19.
Nf3 a6 20. Be3 Bf7 21. Bxb6 cxb6 22. Nd4 Bg6 23. f4 Re3 24. Kf2 Rd3 25. Ke2 Rg3 26. Kf2 Rd3 27. Re1 Rd2+ 28. Re2 Rxe2+ 29. Kxe2 Kd7 30.
f5 Bf7 31. Ke3 Bd5 32. g4 a5 33. c4 Bf7 34. h4 g6 35. Ke4 g5 36. hxg5 fxg5 37.
Nf3 h5 38. gxh5 Bxh5 39. Nxg5 Bd1 40. Kd4 Bxb3 41. f6 Ke8 42. c5 bxc5+ 43. Kxc5 a4 44.
Kb6 Bd5 45. Kc5 Bb3 46. Kd6 Kf8 47. Ne4 Kf7 48. Ke5 Ba2 49. Nd6+ Kf8 50. Nxb7 Kf7 51. Nc5 Bb3 52. Ne4 Bc2 53. Nd6+ Kf8 54. Kd4 Bd1 55. Kc5 Kg8 56. Kb4 Kh7 57. Ne4 Kg6 58. Nc3 Bb3 59.
Nxa4 Bd1 60. Nc3 Bf3 61. Kc5 Kxf6 62. Kd6 Kf5 63. b4 Kf4 64. b5 Ke3 65. b6 Kd4 66.
Nb5+ Kc4 67. Na7 Kb4 68. Nc6+ Kb5 69. b7 1-0

[Event "*** Titled Tuesday Blitz"]
[Site "Chess.com"]
[Date "2020.01.07"]
[Round "2"]
[White "MiroMiljkovic"]
[Black "temus_galaktionov"]
[Result "1/2-1/2"]
[WhiteElo "2547"]
[BlackElo "2750"]
[TimeControl "180+2"]
[EndTime "13:28:00 PST"]
[Termination "Game drawn - insufficient material"]

1. d4 c6 2. c4 g6 3. Nf3 Bg7 4. Nc3 d6 5. e4 Nd7 6. Be2 e5 7. O-O Ngf6 8. h3 O-O 9. Be3 Qe7 10. d5 c5 11. Ne1 Ne8 12. Nd3 f5 13. f3 f4 14. Bf2 g5 15. b4 b6 16. bxc5 bxc5 17. Be1 h5 18. Nf2 Ndf6 19. Rb1 Qf7 20. Rb3 Qg6 21.
Qd3 a6 22. Na4 Ra7 23. Nb6 Bd7 24. Nxd7 Rxd7 25. Rb6 Nc7 26. Ba5 Bh6 27. Rfb1 Nce8 28. Rb7 Rff7 29. Rxd7 Rxd7 30. Rb8 Kh7 31. Rb6 g4 32.
fxg4 Rg7 33. Rb8 hxg4 34. Bxg4 Nxg4 35. Nxg4 Nf6 36. Nxf6+ Qxf6 37. Qf3 Qh4 38. Rb1 Rg3 39. Be1 Rxf3 40. Bxh4 Re3 41. Be7 Rxe4 42. Bxd6 Rxc4 43. Bxe5 Re4 44. Bc3 Re3 45. Rb7+ Kg6 46. Rb6+ Kh5 47.
Bf6 Rd3 48. d6 a5 49. Rc6 c4 50. Be5 Rd5 51. Bc3 Bg5 52. Rxc4 Rxd6 53. Bxa5 Rd1+ 54. Kf2 Ra1 55. Rc2 Kg6 56. Bc3 Rb1 57. a4 Rb3 58.
a5 Kf5 59. Bd2 Bf6 60. Ra2 Bd4+ 61. Ke2 Rg3 62. Kf1 f3 63. gxf3 Rxf3+ 64. Ke2 Rxh3 65. a6 Ba7 66. Rb2 Ra3 67. Rb5+ Ke4 68. Rb4+ Kd5 69.
Rb5+ Kc6 70. Ra5 Rxa5 71. Bxa5 Kb5 72. Bd2 Kxa6 1/2-1/2

[Event "*** Titled Tuesday Blitz"]
[Site "Chess.com"]
[Date "2020.01.07"]
[Round "2"]
[White "snowlord"]
[Black "Ginzburg_Yakov"]
[Result "0-1"]
[WhiteElo "2765"]
[BlackElo "2558"]
[TimeControl "180+2"]
[EndTime "13:28:01 PST"]
[Termination "Ginzburg_Yakov won by resignation"]

1. e4 c5 2. Nf3 e6 3. d4 cxd4 4. Nxd4 Nf6 5. Nc3 Nc6 6. Ndb5 Bb4 7. a3 Bxc3+ 8. Nxc3 d5 9. Bd3 O-O 10. O-O d4 11. Ne2 e5 12. h3 Be6 13. b4 Nd7 14. Bd2 Nb6 15. b5 Ne7 16. Bb4 Qd7 17. f4 f6 18. Ng3 exf4 19. Rxf4 Ng6 20. Rf2 Rfd8 21.
Nh5 Kh8 22. Qf3 Nc4 23. Qg3 Nce5 24. Raf1 Rac8 25. Kh1 Bc4 26. Rf5 Bxd3 27. cxd3 Qxb5 28. Nf4 Nxf4 29. Qxf4 Qxd3 30. Rxf6 Ng6 31. Qf3 Qxf3 32. R6xf3 Re8 33. Rf7 Rxe4 34. Rxb7 Rf4 35. Re1 d3 36. Rxa7 h6 37. Rd7 Rc2 38. Rxd3 Rff2 39. Rg3 Nf4 40. Re8+ Kh7 41. Re7 Nh5 42. Rg4 Rc1+ 43. Re1 Rxe1+ 44. Bxe1 Rf1+ 45. Kh2 Rxe1 46. Rb4 Ra1 47. Rb3 Nf6 48. Rd3 Kg6 49. Kg3 Kf5 50. Kf3 Ke5 51. g4 Nd5 52.
Kg3 Rc1 53. Rb3 Rc3+ 54. Rxc3 Nxc3 55. Kh4 Kf6 56. Kg3 g5 57. h4 Ke5 58. hxg5 hxg5 59. Kf3 Kd4 60. Kg3 Ke3 61. Kh3 Kf3 62. Kh2 Kxg4 63. Kg2 Kf4 64. Kf2 g4 65. Kg2 g3 66.
Kg1 Kf3 0-1

[Event "*** Titled Tuesday Blitz"]
[Site "Chess.com"]
[Date "2020.01.07"]
[Round "2"]
[White "MatthewG-p4p"]
[Black "Sashadav97"]
[Result "0-1"]
[WhiteElo "2852"]
[BlackElo "2585"]
[TimeControl "180+2"]
[EndTime "13:28:02 PST"]
[Termination "Sashadav97 won by checkmate"]

1. Nf3 d5 2. c4 d4 3. e3 Nc6 4. exd4 Nxd4 5. Nxd4 Qxd4 6. Nc3 c6 7. d3 Nh6 8. Be3 Qd8 9. Be2 g6 10. Qd2 Nf5 11. d4 Bg7 12. Rd1 O-O 13. O-O Nxe3 14. fxe3 e6 15. Kh1 b6 16. Bf3 Bb7 17. e4 c5 18. d5 a6 19. Qf4 e5 20. Qe3 Qd6 21.
a3 f5 22. Rb1 f4 23. Qe2 h5 24. b4 cxb4 25. Rxb4 Rf6 26. Na4 b5 27. cxb5 axb5 28.
Qxb5 Ba6 29. Qa5 Bf8 30. Rb6 Qd8 31. Rxa6 Qxa5 32. Rxa5 Rxa5 33. Nc3 Bxa3 34. Nd1 Bc5 35. Nb2 Bd4 36. Nc4 Ra1 37. Rxa1 Bxa1 38. Kg1 Bd4+ 39.
Kf1 Ra6 40. Ke2 Ra2+ 41. Kd3 Kg7 42. h3 Kf6 43. Nd6 Ra3+ 44. Kc4 Rc3+ 45. Kb4 Rc1 46. Nb5 Bc5+ 47. Kb3 Ke7 48. Nc3 Kd6 49. Nb5+ Kd7 50. Nc3 Kc7 51. Ne2 Re1 52. Kc4 Be3 53. Nc3 Kb6 54.
Kd3 Bd4 55. Ne2 Kc5 56. Kd2 Ra1 57. Kd3 Ra3+ 58. Kc2 Kc4 59. Nc1 Rc3+ 60. Kd1 Be3 61. Na2 Ra3 62. Be2+ Kd4 63. Nb4 Rb3 64. Nc2+ Kc3 65. Nxe3 Rb1# 0-1

[Event "*** Titled Tuesday Blitz"]
[Site "Chess.com"]
[Date "2020.01.07"]
[Round "2"]
[White "boasovietica"]
[Black "vugarrasulov"]
[Result "1-0"]
[WhiteElo "2482"]
[BlackElo "2840"]
[TimeControl "180+2"]
[EndTime "13:28:09 PST"]
[Termination "boasovietica won by resignation"]

1. Nf3 Nf6 2. c4 g6 3. g3 Bg7 4.
Bg2 O-O 5. O-O d5 6. cxd5 Nxd5 7. Nc3 Nb6 8. d3 Nc6 9. Bd2 e5 10. Rc1 Re8 11. Na4 h6 12. Nc5 Rb8 13. b4 Nd4 14. a4 c6 15. Bc3 Nd5 16. Bd2 Bg4 17. e3 Ne6 18. h3 Nxc5 19. bxc5 Be6 20. Qc2 Qd7 21. Rfd1 Bxh3 22. d4 Bxg2 23. Kxg2 e4 24. Ng1 Qg4 25. Be1 h5 26. Qe2 Qf5 27. Nh3 Bh6 28. Rb1 Kg7 29. Rb3 b6 30. Rdb1 Rbd8 31. cxb6 axb6 32. Rc1 Re6 33. a5 bxa5 34. Bxa5 Ra8 35.
Rc5 Kh7 36. Be1 Bf8 37. Rc1 Be7 38. Rb2 Ba3 39. Ra1 Bxb2 40. Rxa8 Bc1 41. Ra1 Bxe3 42. fxe3 Kg7 43. Bd2 Re8 44. Rf1 Qd7 45. Nf4 Ra8 46. Nxd5 Qxd5 47. Qf2 Ra2 48. Qf6+ Kg8 49. Rf2 Ra3 50.
Qf4 Kg7 51. Bb4 Rb3 52. Be7 Qe6 53. Bf6+ Kh7 54. Qc7 Qe8 55. Be5 Kg8 56. Qd6 Kh7 57. Qf6 Qg8 58. Qxf7+ Qxf7 59. Rxf7+ Kh6 60. Bf4+ g5 61.
Rf6+ Kg7 62. Bxg5 c5 63. dxc5 1-0

[Event "*** Titled Tuesday Blitz"]
[Site "Chess.com"]
[Date "2020.01.07"]
[Round "2"]
[White "vova-79"]
[Black "Sjakkerntobi"]
[Result "1/2-1/2"]
[WhiteElo "2540"]
[BlackElo "2285"]
[TimeControl "180+2"]
[EndTime "13:28:19 PST"]
[Termination "Game drawn by repetition"]

1. d4 Nf6 2. c4 e6 3. Nc3 Bb4 4.
e3 O-O 5. Ne2 d5 6. a3 Be7 7.
cxd5 exd5 8. Nf4 c6 9. Bd3 Re8 10. O-O Nbd7 11. f3 Nf8 12. Kh1 Ng6 13. Nfe2 Bd6 14. b4 Nh5 15. Qe1 Qf6 16. b5 Qe7 17.
Qf2 Be6 18. bxc6 bxc6 19. e4 Bf4 20. Nxf4 Nhxf4 21. Ba6 Rab8 22. Na4 dxe4 23. fxe4 Nh5 24. Nc5 Nf6 25. Bg5 Ng4 26. Qd2 Qd6 27. e5 N4xe5 28.
Ne4 Qd5 29. dxe5 Qxe4 30. Rfe1 Qd5 31. Qe2 Rb6 32. Bd3 Reb8 33. Be4 Qxe5 34. Bxg6 Qxe2 35. Bxh7+ Kxh7 36. Rxe2 Rb1+ 37. Re1 R1b2 38. Bf4 R8b3 39.
Be5 Rc2 40. Rec1 Re2 41. Re1 Rxe1+ 42. Rxe1 Rxa3 43. Ra1 Rxa1+ 44. Bxa1 Kg6 45. Kg1 f6 46. Kf2 Kf5 47. Ke3 Bd5 48. g3 Kg4 49. Kf2 Kh3 50. Kg1 a5 51. Bc3 a4 52. Bb4 Kg4 53. Kf2 f5 54. Bf8 g6 55. Be7 Kh3 56. Kg1 Be4 57.
Bc5 g5 58. Be7 f4 59. Bxg5 fxg3 60. hxg3 Kxg3 61. Kf1 Kf3 62. Ke1 c5 63. Kd2 Bd5 64. Kc3 Ke4 65. Be7 c4 66. Bf6 Kf5 67. Bh8 Ke6 68.
Kb2 Kd6 69. Ka1 Kc6 70. Kb2 Kb5 71. Bc3 Be4 72. Ka3 Bc2 73. Kb2 Bb3 74. Ka3 Kc5 75. Kb2 Kd5 76. Bh8 Ke4 77. Bg7 Kd3 78. Bh8 Bd1 79.
Bg7 Bb3 80. Bh8 Ke4 81. Bg7 Kd3 1/2-1/2

[Event "*** Titled Tuesday Blitz"]
[Site "Chess.com"]
[Date "2020.01.07"]
[Round "2"]
[White "Babbelbox"]
[Black "Playgood28"]
[Result "1-0"]
[WhiteElo "2509"]
[BlackElo "2269"]
[TimeControl "180+2"]
[EndTime "13:28:25 PST"]
[Termination "Babbelbox won on time"]

1. e4 e5 2. Nf3 d6 3. d4 exd4 4. Nxd4 Nf6 5. Nc3 Be7 6. Bc4 O-O 7. Bb3 Na6 8. O-O Nc5 9. Re1 Nxb3 10. axb3 Re8 11. Bg5 Be6 12. Nxe6 fxe6 13. Qd3 Nd7 14. Bxe7 Qxe7 15. Nb5 a6 16. Nxc7 Nc5 17. Qc3 Qxc7 18.
b4 Rac8 19. bxc5 Qxc5 20. Qb3 Qxc2 21. Qxb7 Rb8 22. Qxa6 Rxb2 23. Rf1 Qxe4 24. Qxd6 Qd5 25. Qa3 Rb7 26. Rae1 Rf7 27. Re3 h6 28. Rfe1 Rf6 29. Qa6 Ref8 30. f3 Re8 31. Kh1 Ra8 32. Qb6 Re8 33.
h3 Kh8 34. Re5 Qc4 35. Qd6 Qc8 36. Qd4 Rd8 37. Qg4 Re8 38. R1e4 Qc1+ 39. Kh2 Qc7 40. Qg3 Qd7 41. Re1 Ref8 42. Kh1 Re8 43. Qg4 Qd6 44.
Qe4 Qd7 45. Qe3 Qd6 46. Ra5 Qf4 47. Qd3 e5 48. Re4 Qc1+ 49. Kh2 Qg5 50. Rd5 Qc1 51.
Qe2 Qc6 52. Rdxe5 Rxe5 53. Rxe5 Qd6 54. Kh1 Rf8 55. Re6 Qf4 56. Re4 Qc1+ 57. Kh2 Qc7+ 58.
Kg1 Qc1+ 59. Kh2 Qc7+ 60. g3 Qc3 61. Re3 Qd4 62. h4 Rc8 63. Kg2 Qf6 64. Re8+ Rxe8 65.
Qxe8+ Kh7 66. Qe4+ Kg8 67. Kh3 Qb2 68. h5 Qa1 69.
Qe8+ Kh7 70. Qg6+ Kg8 71. Qe8+ Kh7 72. Kg4 1-0

[Event "*** Titled Tuesday Blitz"]
[Site "Chess.com"]
[Date "2020.01.07"]
[Round "2"]
[White "Glufs"]
[Black "13MiRacLe"]
[Result "0-1"]
[WhiteElo "2360"]
[BlackElo "2701"]
[TimeControl "180+2"]
[EndTime "13:28:31 PST"]
[Termination "13MiRacLe won by resignation"]

1. Nf3 Nf6 2. c4 c5 3. Nc3 d5 4. cxd5 Nxd5 5. e3 Nc6 6. Bb5 e6 7. O-O Be7 8. d4 cxd4 9. Nxd4 Bd7 10. Nxd5 exd5 11. Ne2 Nb4 12. Bxd7+ Qxd7 13. Bd2 O-O 14. Nf4 Nc6 15. Bc3 Rad8 16. Re1 Rfe8 17. h3 Bg5 18.
Ne2 Re6 19. Nd4 Rg6 20. Nf3 Be7 21. Kf1 h6 22. Qd3 Bf6 23. Rad1 Bxc3 24. Qxc3 Qc7 25. Kg1 Qc8 26. Kf1 Qc7 27. Kg1 Qb6 28. Ne5 Re6 29. Nf3 Ne7 30. Nd4 Rg6 31. Qb3 Qc7 32. Rc1 Qd7 33.
Kf1 b6 34. Rc2 Qd6 35. Kg1 Rg5 36. Rec1 Ng6 37. Nf3 Rf5 38. Rc6 Qe7 39. Rc7 Rd7 40. Rxd7 Qxd7 41. Qc2 Rf6 42. Qc8+ Qxc8 43. Rxc8+ Kh7 44.
Rc7 a6 45. Kf1 Nf8 46. Ke2 Ne6 47. Rd7 Nc5 48. Rxd5 Ne4 49. Rd4 Re6 50. Nd2 Nc5 51. Nf3 f6 52. Kd2 Ne4+ 53. Ke2 Nc5 54. Kd2 Rc6 55. Ne1 Ne6 56. Rd3 Nc5 57. Rd4 Ne6 58.
Rd3 Ng5 59. Nc2 Ne4+ 60. Kc1 Nxf2 61. Rd7 Ne4 62. a4 Nc5 63. Ra7 a5 64. Kd1 Nxa4 65. Nd4 Rd6 66. Kc2 Nc5 67. g4 Rd7 68. Ra8 Ne4 69.
Rb8 Nf2 70. Rb7 Rxb7 0-1

[Event "*** Titled Tuesday Blitz"]
[Site "Chess.com"]
[Date "2020.01.07"]
[Round "2"]
[White "Pultis"]
[Black "viktorskliarov"]
[Result "1-0"]
[WhiteElo "2848"]
[BlackElo "2567"]
[TimeControl "180+2"]
[EndTime "13:28:43 PST"]
[Termination "Pultis won by resignation"]

1. Nf3 Nf6 2. b3 g6 3. Bb2 Bg7 4. g3 O-O 5. Bg2 d5 6. O-O c6 7. c4 a5 8. Nc3 Na6 9. cxd5 Nxd5 10. Qc1 Bg4 11. h3 Bxf3 12. Bxf3 Nxc3 13. dxc3 Qc8 14. Kg2 Rd8 15. Qe3 Qc7 16. Rad1 a4 17. h4 h5 18.
bxa4 Qe5 19. Rxd8+ Rxd8 20. Qb6 Qc7 21. Qxc7 Nxc7 22. Ba3 Rd2 23. Rb1 Rxa2 24. Rxb7 Rxa3 25. Rxc7 Rxa4 26. Rxc6 e6 27. Rc7 Be5 28. Rc8+ Kg7 29. c4 Ra3 30. c5 Rc3 31. c6 Kf6 32. Ra8 Rc5 33. Ra7 Rc3 34. Rb7 Rc5 35. Rd7 Rc3 36. Be4 Rc4 37. Bf3 Rc3 38. Kh3 Rc5 39. Bg2 Rc2 40.
f4 Bb8 41. Bf3 Rc3 42. Kg2 e5 43. fxe5+ Bxe5 44. Kf2 Bb8 45. Kg2 Be5 46. Bd5 Bxg3 47.
Rxf7+ Ke5 48. Bf3 Ke6 49. Rd7 Be5 50. Bd5+ Kf5 51. Bf3 Kf6 52. Kf2 Bb8 53. Ke1 Bf4 54.
Kf2 Bb8 55. e3 Be5 56. Ke2 Rc2+ 57. Kd3 Rc3+ 58. Ke4 Bg3 59. Kd4 Be5+ 60. Ke4 Bg3 61. Kd4 Be5+ 62. Kd5 Rxe3 63. Be4 Bg3 64. Rd8 Rc3 65. Rg8 Bxh4 66. Rxg6+ Ke7 67. Rg7+ Kf6 68. Rh7 Bg3 69. Rxh5 Ke7 70. Rg5 Bf4 71. Rg7+ Kd8 72. Rd7+ Ke8 73. Bg6+ Kf8 74. Rf7+ Kg8 75. Rxf4 1-0

[Event "*** Titled Tuesday Blitz"]
[Site "Chess.com"]
[Date "2020.01.07"]
[Round "2"]
[White "IMUltimateBeast"]
[Black "Konavets"]
[Result "0-1"]
[WhiteElo "2624"]
[BlackElo "2967"]
[TimeControl "180+2"]
[EndTime "13:28:44 PST"]
[Termination "Konavets won by resignation"]

1. d4 d5 2. Bf4 Nf6 3. e3 Bg4 4. Nf3 e6 5. Be2 c5 6. c3 Nc6 7.
Nbd2 a6 8. h3 Bh5 9. O-O Bd6 10.
Bxd6 Qxd6 11. dxc5 Qxc5 12. Nd4 Bxe2 13. Qxe2 O-O 14.
N4b3 Qb6 15. c4 Rfd8 16. Nf3 dxc4 17. Qxc4 Rac8 18. Rac1 h6 19. Qe2 Nb4 20. Rxc8 Rxc8 21. a3 Na2 22. Nbd4 Nc1 23. Qd2 Ne4 24. Rxc1 Nxd2 25.
Rxc8+ Kh7 26. Nxd2 Qxb2 27. Nc4 Qa1+ 28. Kh2 Qa2 29. Kg3 b5 30. Nd6 e5 31. Nc6 h5 32.
Nf5 Qe6 33. Nfe7 Qd6 34. Rd8 Qxa3 35. Rd7 h4+ 36. Kxh4 b4 37. Nxe5 Qb2 38. N5c6 b3 39. Kg3 Qc3 40. Rb7 b2 41. Nd8 Qe5+ 42. Kf3 Qh5+ 43. Kg3 a5 44. Nec6 Qg5+ 45. Kh2 a4 46. Rxb2 a3 47. Ra2 Qd5 48. Rxa3 Qd6+ 49. g3 Qxa3 50. Kg2 Qd6 51. Kh2 f6 52. Kg2 f5 53. h4 Qd5+ 54. Kf1 Kh6 55. Ne5 g6 56. Ndf7+ Kg7 57. Kg1 Kf6 58. Kf1 Qh1+ 59. Ke2 Qb1 60. f4 Qg1 61. Kd3 Qxg3 62. Ke2 Qh2+ 63. Kd3 Qxh4 64.
Ke2 Qh2+ 65. Kd3 Qa2 66. Ng5 Qb1+ 67. Ke2 Qb5+ 68. Kf3 Qa6 69. Kf2 Ke7 70. Kf3 Qf1+ 71. Kg3 Qe2 72. Nxg6+ Kf6 73. Ne5 Qxe3+ 74. Ngf3 Ke6 75.
Kg2 Kd5 76. Kg3 Ke4 77. Kg2 Qxf4 78. Kf2 Qe3+ 79. Kg2 Qe2+ 80. Kg3 f4+ 81. Kg4 Qg2+ 82. Kh5 Qxf3+ 0-1

[Event "*** Titled Tuesday Blitz"]
[Site "Chess.com"]
[Date "2020.01.07"]
[Round "2"]
[White "LawrenceTrent"]
[Black "Duhless"]
[Result "0-1"]
[WhiteElo "2638"]
[BlackElo "3114"]
[TimeControl "180+2"]
[EndTime "13:28:47 PST"]
[Termination "Duhless won on time"]

1. d4 d5 2. Nc3 Bf5 3. Bf4 e6 4. e3 Bd6 5. Bg3 Ne7 6. Bd3 O-O 7. Nge2 c5 8. Nb5 Bxg3 9. hxg3 Nbc6 10. dxc5 Bxd3 11.
Qxd3 Ng6 12. f4 Qa5+ 13. c3 a6 14. Nbd4 Qxc5 15. Rh5 e5 16. Nf5 Qb5 17. O-O-O Qxd3 18. Rxd3 Rad8 19. Rh1 Rd7 20. Rhd1 Rfd8 21. e4 exf4 22.
gxf4 Nge7 23. Ne3 b5 24. Nxd5 Nxd5 25. Rxd5 Rxd5 26. Rxd5 Rc8 27. Kd2 Kf8 28. Nd4 Na5 29. b3 Nb7 30. e5 Nc5 31. Ke3 g6 32. Rd6 h5 33. Rc6 Rxc6 34. Nxc6 Ke8 35. b4 Ne6 36. g3 Nc7 37. Kd4 Kd7 38. Na5 Ne6+ 39. Ke3 Ng7 40.
Nb3 Kc6 41. Ke4 Kc7 42. Nd4 Kb6 43. f5 gxf5+ 44. Nxf5 Ne6 45. Nd6 Nd8 46. Kf5 Kc6 47.
Kf6 Kd5 48. Nxf7 Ne6 49. Kg6 Kc4 50. Kxh5 Kxc3 51. Ng5 Nc7 52. e6 Kxb4 53. Kg6 Ka3 54. e7 Kxa2 55. Ne6 Ne8 56. Ng7 Nc7 57. Kf7 b4 58. Ne6 Nb5 59. Nd4 Nc7 60. g4 a5 61.
g5 a4 62. g6 b3 63. g7 b2 64.
g8=Q b1=Q 65. Kf6+ Ka1 66. Qc4 Ne8+ 67. Ke5 Qb8+ 0-1